 Dungeon Crawl Stone Soup version 0.27.0-1-g7a089689b8 (webtiles) character file.

Game seed: 12702018667620952356

678 sanka the Magician (level 7, -7/50 HPs)
             Began as a Djinni Fighter on Aug 5, 2021.
             Engulfed by their own flame (8 damage)
             ... in an ossuary.
             The game lasted 00:12:23 (8410 turns).

sanka the Magician (Djinni Fighter)                 Turns: 8410, Time: 00:12:24

Health: -7/50      AC:  3    Str: 15    XL:     7   Next: 91%
Gold:   179        EV: 11    Int: 12    God:
                   SH:  0    Dex: 12

rFire    + + .     SeeInvis .   a - +0 long sword
rCold    . . .     Faith    .   (no shield)
rNeg     . . .     Spirit   .   s - +0 robe
rPois    ∞         Reflect  .   (no helmet)
rElec    .         Harm     .   r - +0 cloak
rCorr    .         Rampage  .   (no gloves)
Will     .....                  (boots unavailable)
Stlth    +.........             (no amulet)
HPRegen  0.16/turn              p - ring of protection from cold
MPRegen  0.00/turn              (no ring)

@: flying
A: sickness immunity, fire resistance 2, cold vulnerability 1, float, innate
caster, hp casting, extra vitality 1
a: no special abilities


You were in an ossuary.
You visited 1 branch of the dungeon, and saw 5 of its levels.
You also visited: Ossuary.

You collected 179 gold pieces.


Innate Abilities, Weirdness & Mutations

You are immune to sickness and miasma.
You are immune to poison.
Your flesh is very heat resistant. (rF++)
You are vulnerable to cold. (rC-)
You float through the air rather than walking.
You learn spells naturally, not from books.
Your magical power is your life essence.
You have superior vitality. (+4 HP)


   Skills:
 - Level 3.0 Fighting
 - Level 2.0 Long Blades
 - Level 3.0 Armour
 - Level 3.0 Shields
 + Level 6.0 Spellcasting


You had 12 spell levels left.
You knew the following spells:

 Your Spells              Type           Power      Damage    Failure   Level
z - Summon Small Mammal   Summ           72%        N/A       1%          1
N - Passwall              Tmut/Erth      15%        N/A       2%          2
Z - Summon Guardian Gole  Hex/Summ       18%        N/A       4%          3
Your spell library was empty.

Inventory:

Hand Weapons
 a - a +0 long sword (weapon)
Missiles
 o - a silver javelin
 t - a throwing net {=f}
Armour
 b - a +0 scale mail
 c - a +0 kite shield
 r - a +0 cloak (worn)
 s - a +0 robe (worn)
Magical Staves
 n - a staff of fire
Jewellery
 p - a ring of protection from cold (left hand)
Scrolls
 e - a scroll of identify {unknown}
 h - 3 scrolls of noise {!r}
 k - a scroll of vulnerability {unknown}
 q - a scroll of amnesia {unknown}
 v - a scroll of fog {unknown}
Potions
 d - 2 potions of might
 f - a potion of curing {unknown}
 g - a potion of haste {unknown}
 i - a potion of ambrosia
 j - a potion of magic {unknown}
 l - a potion of heal wounds {unknown}
 m - a potion of flight {unknown}
 u - a potion of attraction {unknown}

Dungeon Overview and Level Annotations

Branches:
Dungeon (5/15)            Ossuary (1/1)
 Temple: D:4-7

Altars:

Shops:
D:4 ([

Annotations:
D:3 1 runed translucent door, Crazy Yiuf

▒▒▒▒▒▒▒▒▒▒▒▒▒▒▒▒▒▒▒▒▒▒
▒....##R.............▒
▒....#°#.............▒
▒....▒Z▒......▒▒▒....▒
▒...▒▒.▒▒....▒▒ ▒▒...▒
▒...▒...▒....▒ ▒Z..▒
▒...▒▒▒.▒....▒ ▒...▒
▒..▒▒ .▒▒..▒▒ ▒▒..▒
▒..▒ ..▒..▒ ▒..▒ ▒∩.▒
..▒..▒ ▒..▒


You could see an elf zombie.


Message History

The elf zombie hits your guardian golem but does no damage.
The elf zombie hits your guardian golem.
The elf zombie hits your guardian golem but does no damage.
The elf zombie hits your guardian golem but does no damage.
The elf zombie hits your guardian golem.
The elf zombie hits your guardian golem.
The elf zombie hits your guardian golem.
The elf zombie hits your guardian golem.
The elf zombie hits your guardian golem.
Your guardian golem overheats!
The elf zombie hits your guardian golem.
Flame seeps out of your guardian golem.
Your guardian golem is engulfed in blazing flames.
Flame seeps out of your guardian golem.
The elf zombie hits your guardian golem but does no damage.
Your guardian golem is engulfed in blazing flames.
Flame seeps out of your guardian golem.
The elf zombie hits your guardian golem but does no damage.
The elf zombie hits your guardian golem.
Flame seeps out of your guardian golem.
Your guardian golem is engulfed in blazing flames.
Your guardian golem explodes!
The fiery explosion engulfs you! You resist.
* * * LOW HITPOINT WARNING * * *
The fiery explosion engulfs the elf zombie!!!
Unknown command.
You are engulfed in blazing flames.
You resist.
You die...

Action                   |  1- 3 |  4- 6 |  7- 9 || total
-------------------------+-------+-------+-------++-------
Melee: Long sword        |   105 |   274 |   127 ||   506
       Unarmed           |       |    29 |       ||    29
Throw: Boomerang         |       |     4 |       ||     4
 Cast: Summon Small Mamm |       |    13 |       ||    13
       Summon Guardian G |       |       |     8 ||     8
  Use: Scroll            |       |     1 |       ||     1
       Potion            |       |       |     2 ||     2
Armor: Scale mail        |    63 |    98 |       ||   161
       Robe              |       |     8 |    44 ||    52
Dodge: Dodged            |    26 |   143 |   112 ||   281
Block: Kite shield       |    54 |   129 |       ||   183
       Rpst.: Long sword |    10 |    31 |    37 ||    78

Levels and vault maps discovered:
D:1:      heliophobic_arrival_ceremonial_halls, layout_loops_ring
D:2:      layout_basic, dk_vineyard_2, small_statue_intersection,
          kennysheep_potato
D:3:      minmay_inner_zag, layout_basic,
          hellmonk_ecumenical_altar_inner_sanctum, minmay_misc_feat_tiny,
          uniq_ijyb, uniq_crazy_yiuf_cottage
D:4:      layout_loops_ring, serial_shops, kennysheep_mini_moat,
          minmay_misc_feat_hallway, nicolae_shop_firing_range
D:5:      layout_basic, nicolae_overflow_quartered_altars, serial_shops, shop,
          nicolae_ossuary_entry_plus, serial_undead, serial_undead_f,
          serial_undead_b, serial_undead_b, serial_undead_c, uniq_duvessa
Ossuary:  minmay_ossuary_two_tombs

Notes
Turn   | Place    | Note
-------+----------+-------------------------------------------
     0 | D:1      | sanka the Djinni Fighter began the quest for the Orb.
     0 | D:1      | Reached XP level 1. HP: 20/20 MP: 0/0
    74 | D:1      | Reached skill level 2 in Long Blades
   159 | D:1      | Reached XP level 2. HP: 25/25 MP: 0/0
   173 | D:1      | Reached skill level 1 in Spellcasting
   432 | D:1      | Reached XP level 3. HP: 26/30 MP: 0/0
   432 | D:1      | Learned a level 1 spell: Summon Small Mammal
   887 | D:1      | Reached skill level 2 in Spellcasting
  1180 | D:2      | Reached XP level 4. HP: 21/35 MP: 0/0
  2201 | D:3      | Reached skill level 3 in Spellcasting
  2201 | D:3      | Reached XP level 5. HP: 38/40 MP: 0/0
  2201 | D:3      | Learned a level 2 spell: Passwall
  2301 | D:3      | Noticed Ijyb
  2340 | D:3      | HP: 4/40 [Ijyb (4)]
  2639 | D:3      | Killed Ijyb
  3128 | D:3      | Found a faded altar of an unknown god.
  3529 | D:3      | Found a runed translucent door.
  3530 | D:3      | Noticed Crazy Yiuf
  3723 | D:4      | Noticed an ogre
  4525 | D:4      | Reached skill level 4 in Spellcasting
  4525 | D:4      | Reached XP level 6. HP: 32/46 MP: 0/0
  4734 | D:4      | Found Plog's Antique Armour Shoppe.
  5013 | D:4      | HP: 3/46 [ogre (19)]
  5366 | D:4      | HP: 2/46 [ogre (28)]
  6091 | D:4      | Found Xume Qomp's Firing Range.
  6961 | D:4      | Killed an ogre
  7107 | D:5      | Entered Level 5 of the Dungeon
  7119 | D:5      | Noticed an orc warrior
  7121 | D:5      | Noticed an ogre
  7218 | D:5      | Reached XP level 7. HP: 20/50 MP: 0/0
  7218 | D:5      | Learned a level 3 spell: Summon Guardian Golem
  7448 | D:5      | Reached skill level 5 in Spellcasting
  7606 | D:5      | Found a sand-covered staircase.
  7703 | Ossuary  | Entered an ossuary
  7934 | Ossuary  | HP: 4/50 [elf zombie (2)]
  7946 | Ossuary  | HP: 2/50 [elf zombie (1)]
  8033 | Ossuary  | HP: 3/50 [elf zombie (7)]
  8034 | Ossuary  | HP: 1/50 [elf zombie (2)]
  8372 | Ossuary  | Reached skill level 6 in Spellcasting
  8409 | Ossuary  | HP: 1/50 [themself (10)]
  8410 | Ossuary  | Engulfed by their own flame

Vanquished Creatures
  An elf zombie (Ossuary)
  A water moccasin skeleton (D:5)
  A human zombie (Ossuary)
  2 hounds (D:4)
  2 centaur zombies (Ossuary)
  An orc wizard (D:4)
  Ijyb (D:3)
  2 scorpion zombies (D:5)
  A hound skeleton (D:5)
  A howler monkey zombie (D:5)
  4 adders
  2 ufetubi
  2 adder zombies (Ossuary)
  4 dart slugs
  5 orcs
  9 endoplasms
  6 giant cockroaches
  11 goblins
  5 hobgoblins
  14 jackals
  A quokka (D:1)
  3 training dummies (D:4)
  6 ball pythons
  6 bats
  3 frilled lizards
  5 goblin zombies (Ossuary)
  2 hobgoblin zombies (Ossuary)
  A jackal zombie (Ossuary)
  6 kobolds
  2 kobold zombies (Ossuary)
  An orc zombie (Ossuary)
  A quokka zombie (Ossuary)
  7 rats
  7 rat zombies (Ossuary)
126 creatures vanquished.

Vanquished Creatures (collateral kills)
  An ogre (D:4)
1 creature vanquished.

Vanquished Creatures (others)
  A wyvern zombie (D:5)
  5 withered plants (D:5)
6 creatures vanquished.

Grand Total: 133 creatures vanquished
